 Dungeon Crawl Stone Soup version bcrawl-1.27.3 (webtiles) character file.

Game seed: 891397953518091590

158115 Freyura the Cudgeler (level 6, -2/37 HPs)
             Began as a Gargoyle Archaeologist on Aug 4, 2020.
             Slain by an iguana (9 damage)
             ... on level 4 of the Dungeon.
             The game lasted 00:08:09 (3104 turns).

Freyura the Cudgeler (Gargoyle Archaeologist)       Turns: 3104, Time: 00:08:10

Health: -2/37      AC: 13    Str: 14    XL:     6   Next: 18%
Magic:  6/6        EV: 11    Int: 17    God:
Gold:   181        SH:  0    Dex: 10    Spells: 5/5 levels left

rFire    . . .     SeeInvis +   m - +1 mace
rCold    . . .     Gourm    .   (no shield)
rNeg     + . .     Faith    .   k - +0 ring mail
rPois    ∞         Spirit   .   c - +1 hat
rElec    +         Reflect  .   (no cloak)
rCorr    .         Harm     .   (no gloves)
MR       .....                  d - +1 pair of boots
Stlth    ++........             (no amulet)
HPRegen  0.12/turn              p - ring of see invisible
MPRegen  0.10/turn              (no ring)

@: no status effects
A: horns 1, clever 1, negative energy resistance 1, electricity resistance,
unbreathing, petrification resistance, rot immunity, AC +4
a: no special abilities


You were on level 4 of the Dungeon.
You were not hungry.

You visited 1 branch of the dungeon, and saw 4 of its levels.

You collected 181 gold pieces.

Inventory:

Hand Weapons
 a - a +0 whip
 m - a +1 mace (weapon)
Armour
 b - a +1 robe
 c - a +1 hat (worn)
 d - a +1 pair of boots (worn)
 k - a +0 ring mail (worn)
Jewellery
 p - a ring of see invisible (left hand)
Wands
 l - a wand of disintegration (15)
Scrolls
 f - a scroll of acquirement
 g - a scroll of magic mapping
 j - 2 scrolls of amnesia
 o - a scroll of enchant weapon
 q - a scroll of teleportation
 r - 3 scrolls of identify
Potions
 h - a potion of curing {unknown}
 i - a potion of heal wounds
 n - 2 potions of lignification
 s - a potion of resistance
 t - a potion of berserk rage {unknown}
Comestibles
 e - 5 rations {!d}
 u - a chunk of flesh


   Skills:
 + Level 3.1 Fighting
 * Level 4.1 Maces & Flails
 + Level 2.8 Armour
 - Level 2.4 Dodging
 - Level 3.6 Stealth
 + Level 1.2 Evocations


You had 5 spell levels left.
You didn't know any spells.
Your spell library contained the following spells:

 Spells                   Type           Power        Failure   Level  Hunger
 Corona                   Hex            #......      43%         1    None
 Ensorcelled Hibernation  Hex/Ice        #.....       56%         2    ####...
 Confuse                  Hex            #.......     80%         3    #####..
 Dazzling Orbs            Conj/Hex       #......      80%         3    #####..
 Tukima's Dance           Hex            #.......     80%         3    #####..


Dungeon Overview and Level Annotations

Branches:
Dungeon (4/12)
 Temple: D:4-7

Altars:
Gozag
Trog
Uskayaw

Shops:
D:2 *


Innate Abilities, Weirdness & Mutations

You are resistant to torment.
Your stone body is resilient. (AC +4)
You are immune to poison.
You resist negative energy. (rN+)
You are resistant to electric shocks. (rElec)
You can survive without breathing.
You are immune to petrification.
You are immune to rotting.
You have a pair of small horns on your head.
Your mind is acute. (Int +2)


Message History

The worker ant barely misses you.
You hit the worker ant.
The worker ant is lightly wounded.
The worker ant closely misses you. The iguana bites you!
The worker ant closely misses you.
You closely miss the worker ant.
The worker ant is lightly wounded.
The iguana closely misses you. The worker ant misses you.
You thump the worker ant! Your headbutt misses the worker ant.
The worker ant is heavily wounded.
The worker ant bites you but does no damage.
The iguana bites you.
* * * LOW HITPOINT WARNING * * *
The worker ant bites you.
* * * LOW HITPOINT WARNING * * *
You hit the worker ant.
The worker ant is severely wounded.
The iguana closely misses you. The worker ant closely misses you.
The iguana bites you!
You die...

#..........###
.#.......[....#
....#.........#
..............#
..............#
............#
.......Z....#
#....#la# .....##@#
#.......##
...........# ...
.....#.#....#
....##....#####..#
...... ....###...#
......##.#.......##
.........#...###..#
.............#.#..#
#####


You could see an iguana, a worker ant and a centaur skeleton.

Vanquished Creatures
  A hound (D:4)
  A centaur skeleton (D:4)
  2 orc priests (D:4)
  2 worker ants
  A hound skeleton (D:4)
  An adder (D:3)
  3 worms
  3 dart slugs
  A leopard gecko (D:1)
  9 orcs
  3 bats
  3 giant cockroaches
  A goblin (D:2)
  6 hobgoblins
  A quokka (D:2)
  A ball python (D:1)
  2 frilled lizards
  A jackal skeleton (D:4)
  11 kobolds
  4 rats
57 creatures vanquished.

Notes
Turn   | Place    | Note
-------+----------+-------------------------------------------
     0 | D:1      | Freyura the Gargoyle Archaeologist began the quest for the
                  | Orb.
     0 | D:1      | Reached XP level 1. HP: 12/12 MP: 1/1
   156 | D:1      | Reached XP level 2. HP: 6/16 MP: 2/2
   465 | D:1      | Reached skill level 1 in Armour
   664 | D:1      | Reached skill level 2 in Maces & Flails
   942 | D:2      | Reached XP level 3. HP: 21/21 MP: 3/3
  1091 | D:2      | Found a bloodstained altar of Trog.
  1206 | D:2      | Found an opulent altar of Gozag.
  1210 | D:2      | Found Gozag's Platinum Reserve.
  1830 | D:2      | Gained mutation: You have a pair of small horns on your
                  | head. [potion of mutation]
  1830 | D:2      | Gained mutation: Your mind is acute. (Int +2) [potion of
                  | mutation]
  1932 | D:3      | Reached XP level 4. HP: 21/26 MP: 4/4
  2097 | D:3      | Reached skill level 3 in Maces & Flails
  2260 | D:3      | Found a hide-covered altar of Uskayaw.
  2846 | D:4      | Reached XP level 5. HP: 25/31 MP: 5/5
  2846 | D:4      | Identified a scroll of acquirement
  3034 | D:4      | Reached skill level 1 in Evocations
  3034 | D:4      | Reached XP level 6. HP: 32/37 MP: 6/6
  3094 | D:4      | Reached skill level 4 in Maces & Flails
  3104 | D:4      | Slain by an iguana

Skill      XL: |  1  2  3  4  5  6 |
---------------+-------------------+-----
Armour         | 1 2 |  2.8
Maces & Flails | 2 3 4 |  4.1
Fighting       | 2 3 |  3.1
Evocations     | 1 |  1.2
Dodging        | |  2.4
Stealth        | |  3.6

Action                   |  1- 3 |  4- 6 || total
-------------------------+-------+-------++-------
Melee: Whip              |    50 |       ||    50
       Mace              |    61 |   111 ||   172
       Headbutt          |       |    20 ||    20
  Use: Scroll            |     7 |     3 ||    10
       Potion            |     1 |     1 ||     2
 Stab: Sleeping          |     3 |     1 ||     4
  Eat: Chunk             |     4 |     6 ||    10
       Ration            |       |     1 ||     1
Armor: Robe              |    19 |       ||    19
       Ring mail         |    23 |    86 ||   109
Dodge: Dodged            |    60 |   102 ||   162
